Wiprows vs Tamiflu
Created - 5 janvier 2015 at 19:07
Goals
|
Wiprows |
0 |
1 |
1 |
2 |
Tamiflu |
2 |
2 |
1 |
5 |
|
Shots
|
Wiprows |
18 |
12 |
13 |
43 |
Tamiflu |
17 |
10 |
6 |
33 |
|
1st period
1. Tamiflu , Nate Thompson 24 (Alex Picard) at 0:04
2. Tamiflu , Adam Henrique 10 (Petr Pohl) at 9:07 (PP)
Penalties :
Jason Ryznar (Win) for Hooking (Minor) at 0:32, Brandon Bollig (Win) for Hooking (Minor) at 7:36
2nd period
3. Wiprows , Pavel Brendl 3 (Jason Ryznar, Nazem Kadri) at 14:50 (PP)
4. Tamiflu , Jan Mursak 5 (Petr Pohl, Adam Henrique) at 18:49
5. Tamiflu , Johan Fransson 3 (Alex Picard, Mike McKenna) at 19:03 (PP)
Penalties :
Mike Duco (Det) for Cross-checking (Minor) at 14:29, T.J. Oshie (Win) for Holding (Minor) at 18:52
3rd period
6. Tamiflu , Alex Picard 30 (Nathan Oystrick, Nate Thompson) at 18:53 (SH)
7. Wiprows , T.J. Oshie 17 (Nick Bonino, Alec Martinez) at 19:57 (PP)
Penalties :
Adam Henrique (Det) for Hooking (Minor) at 12:32, Ben Hanowski (Det) for High sticking (Minor) at 18:44
Goalie Stats
Al Montoya (Win), 28 saves from 33 shots - (0,848), L, 20-8-4, 60:00 minutes
Mike McKenna (Det), 41 saves from 43 shots - (0,953), W, 15-10-2, 60:00 minutes
Players Stats for Wiprows
Player Name G A P +/- PIM S H SB GA TA FO MP PP MP PK MP
------------------------------------------------------------------------------------
Alec Martinez 0 1 1 -2 0 1 1 1 2 0 0/0 24:45 2:56 2:06
Brandon Bollig 0 0 0 0 2 1 0 1 0 0 0/0 11:41 0:00 0:00
Brendon Segal 0 0 0 0 0 1 0 1 1 0 0/0 8:21 0:00 0:00
Chris Summers 0 0 0 0 0 0 0 0 0 0 0/0 0:00 0:00 0:00
Derek Grant 0 0 0 0 0 0 1 0 0 0 1/3 8:21 0:00 0:00
Drayson Bowman 0 0 0 0 0 0 0 0 0 0 0/0 0:00 0:00 0:00
Gord Baldwin 0 0 0 0 0 1 1 3 1 0 0/0 18:11 0:37 1:35
Jason Ryznar 0 1 1 -3 2 1 1 0 0 1 2/4 19:40 2:02 0:00
Jiri Tlusty 0 0 0 0 0 4 0 1 1 0 1/1 16:35 1:31 0:00
Jonathan Tremblay 0 0 0 0 0 2 0 0 0 0 0/1 13:07 0:00 1:25
Jordan Szwarz 0 0 0 0 0 0 0 0 0 0 0/0 0:00 0:00 0:00
Kevin Connauton 0 0 0 -1 0 1 1 1 0 0 0/0 11:02 0:00 0:00
Kris Foucault 0 0 0 0 0 0 0 0 0 0 0/0 0:11 0:00 0:11
Linden Vey 0 0 0 0 0 0 0 0 0 0 0/0 0:00 0:00 0:00
Matt Bartkowski 0 0 0 0 0 0 1 0 1 0 0/0 6:02 0:00 0:00
Matt Beleskey 0 0 0 0 0 1 0 1 1 0 1/1 8:43 0:00 0:22
Matt Donovan 0 0 0 -1 0 0 0 1 0 1 0/0 11:02 0:00 0:00
Matt Taormina 0 0 0 -2 0 3 1 3 0 0 0/0 24:45 2:56 2:06
Maxime Macenauer 0 0 0 0 0 2 1 0 0 0 3/6 11:42 0:00 0:00
Nazem Kadri 0 1 1 -3 0 3 1 3 0 0 14/32 20:58 2:02 1:25
Nick Bonino 0 1 1 0 0 5 1 1 0 0 9/15 16:35 1:31 0:00
Oliver Lauridsen 0 0 0 0 0 0 1 0 0 0 0/0 6:02 0:00 0:00
Pavel Brendl 1 0 1 -3 0 9 1 0 1 1 2/3 21:37 2:02 1:56
T.J. Oshie 1 0 1 0 2 6 3 1 1 1 0/2 18:45 1:31 2:03
Thomas Hickey 0 0 0 0 0 2 0 3 0 0 0/0 18:11 0:37 1:35
Players Stats for Tamiflu
Player Name G A P +/- PIM S H SB GA TA FO MP PP MP PK MP
------------------------------------------------------------------------------------
Adam Henrique 1 1 2 1 2 3 1 0 0 0 8/17 18:34 1:58 0:00
Alex Picard 1 2 3 2 0 5 2 0 0 2 1/1 20:00 1:43 2:17
Ben Hanowski 0 0 0 0 2 0 0 0 0 0 0/0 8:19 0:00 0:00
Carson Mcmillan 0 0 0 1 0 2 1 0 0 0 1/3 18:11 1:43 0:31
Casey Wellman 0 0 0 0 0 1 1 0 0 0 0/3 12:37 0:00 0:45
Cody Goloubef 0 0 0 0 0 0 0 0 0 0 0/0 5:58 0:00 0:00
Garrett Wilson 0 0 0 0 0 0 0 0 0 0 0/0 9:05 0:00 0:45
Jan Mursak 1 0 1 1 0 2 3 0 0 1 0/0 18:32 1:58 0:00
Johan Fransson 1 0 1 1 0 1 1 2 0 0 0/0 20:11 2:37 1:39
Jonathan Sigalet 0 0 0 2 0 7 0 2 1 0 0/0 23:11 1:04 1:54
Jordan Hendry 0 0 0 2 0 2 0 1 0 0 0/0 23:11 1:04 1:54
Kyle Lawson 0 0 0 0 0 0 0 2 0 1 0/0 10:40 0:00 0:00
Mike Duco 0 0 0 0 2 1 2 0 0 1 0/0 11:51 0:00 0:00
Nate Thompson 1 1 2 2 0 4 0 0 1 0 21/38 20:00 1:43 2:17
Nathan Oystrick 0 1 1 1 0 1 2 1 0 1 0/0 20:11 2:37 1:39
Petr Pohl 0 2 2 1 0 3 3 1 1 0 1/2 19:03 1:58 0:31
Philip Samuelsson 0 0 0 0 0 0 0 2 0 1 0/0 10:40 0:00 0:00
Philippe Dupuis 0 0 0 0 0 0 1 0 1 1 3/3 8:20 0:00 0:00
Rich Clune 0 0 0 0 0 1 1 0 0 1 0/1 11:52 0:00 0:00
Stefan Elliott 0 0 0 0 0 0 0 0 0 0 0/0 0:00 0:00 0:00
Teemu Laakso 0 0 0 0 0 0 0 1 0 0 0/0 5:58 0:00 0:00
Teigan Zahn 0 0 0 0 0 0 0 0 0 0 0/0 0:00 0:00 0:00
3 Stars
1 - Alex Picard (Det)
2 - Nate Thompson (Det)
3 - Petr Pohl (Det)
Power Play
Wiprows - 2 on 3 Attempt(s) - 66,67%
Tamiflu - 2 on 3 Attempt(s) - 66,67%
Penalty Kill
Wiprows - 1 on 3 Attempt(s) - 33,33%
- Score 0 goal in Penalty Kill
Tamiflu - 1 on 3 Attempt(s) - 33,33%
- Score 1 goal in Penalty Kill
Official
Referees : Hebert Ghislain and Martell Rob
Linesman : Thor Nelson and Dan Schachte
Game Notes
No Game Note
Finance
Level 1 -- Attendance: 1489 (74,45%) -- Ticket Income 44 670 $
Level 2 -- Attendance: 720 (72,00%) -- Ticket Income 8 640 $
Total Attendance: 2209 (73,63%)
Total Ticket Income: 53 310 $
Other Income: 2 666 $
Total Income: 55 976 $
Wiprows
5 vs 5 Forward
Center Left Wing Right Wing Time % Phy DF OF
1 Nazem Kadri Jason Ryznar Pavel Brendl 40 1 2 2
2 Nick Bonino Jiri Tlusty T.J. Oshie 30 1 2 2
3 Maxime Macenauer Brandon Bollig Jonathan Tremblay 20 1 2 2
4 Derek Grant Matt Beleskey Brendon Segal 10 1 2 2
5 vs 5 Defense
Defense Defense Time % Phy DF OF
1 Matt Taormina Alec Martinez 40 1 2 2
2 Gord Baldwin Thomas Hickey 30 1 2 2
3 Matt Donovan Kevin Connauton 20 1 2 2
4 Oliver Lauridsen Matt Bartkowski 10 1 2 2
PowerPlay Forward
Center Left Wing Right Wing Time % Phy DF OF
1 Nazem Kadri Jason Ryznar Pavel Brendl 60 1 2 2
2 Nick Bonino Jiri Tlusty T.J. Oshie 40 1 2 2
PowerPlay Defense
Defense Defense Time % Phy DF OF
1 Matt Taormina Alec Martinez 60 1 2 2
2 Gord Baldwin Thomas Hickey 40 1 2 2
Penalty Kill 4 Players Forward
Center Wing Time % Phy DF OF
1 Pavel Brendl T.J. Oshie 60 1 2 2
2 Jonathan Tremblay Nazem Kadri 40 1 2 2
Penalty Kill 4 Players Defense
Defense Defense Time % Phy DF OF
1 Matt Taormina Alec Martinez 60 1 2 2
2 Gord Baldwin Thomas Hickey 40 1 2 2
Penalty Kill - 3 Players Forward
Forward Time % Phy DF OF
1 Pavel Brendl 60 1 2 2
2 T.J. Oshie 40 1 2 2
Penalty Kill - 3 Players Defense
Defense Defense Time % Phy DF OF
1 Matt Taormina Alec Martinez 60 1 2 2
2 Gord Baldwin Thomas Hickey 40 1 2 2
4 vs 4 Forward
Center Wing Time % Phy DF OF
1 Pavel Brendl T.J. Oshie 60 1 2 2
2 Jonathan Tremblay Nazem Kadri 40 1 2 2
4 vs 4 Defense
Defense Defense Time % Phy DF OF
1 Matt Taormina Alec Martinez 60 1 2 2
2 Gord Baldwin Thomas Hickey 40 1 2 2
Last Minutes Offensive
Center Left Wing Right Wing Defense Defense
Nazem Kadri Jason Ryznar Pavel Brendl Matt Taormina Alec Martinez
Last Minutes Defensive
Center Left Wing Right Wing Defense Defense
Nazem Kadri Jason Ryznar Pavel Brendl Matt Taormina Alec Martinez
Goaltenders
Starting : Al Montoya
Backup : Thomas McCollum
Extra Forwards
Normal : Brendon Segal, Brandon Bollig, Matt Beleskey - PP : Brendon Segal, Brandon Bollig - PK : Matt Beleskey
Extra Defensemen
Normal : Matt Donovan, Kevin Connauton, Oliver Lauridsen - PP : Matt Donovan - PK : Kevin Connauton, Oliver Lauridsen
Penalty Shots
Pavel Brendl, T.J. Oshie, Jonathan Tremblay, Nazem Kadri, Nick Bonino
Tamiflu
5 vs 5 Forward
Center Left Wing Right Wing Time % Phy DF OF
1 Nate Thompson Alex Picard Carson Mcmillan 40 1 2 2
2 Adam Henrique Jan Mursak Petr Pohl 30 1 2 2
3 Casey Wellman Rich Clune Mike Duco 20 1 2 2
4 Philippe Dupuis Garrett Wilson Ben Hanowski 10 1 2 2
5 vs 5 Defense
Defense Defense Time % Phy DF OF
1 Jonathan Sigalet Jordan Hendry 40 1 2 2
2 Nathan Oystrick Johan Fransson 30 1 2 2
3 Kyle Lawson Philip Samuelsson 20 1 2 2
4 Cody Goloubef Teemu Laakso 10 1 2 2
PowerPlay Forward
Center Left Wing Right Wing Time % Phy DF OF
1 Nate Thompson Alex Picard Carson Mcmillan 60 1 2 2
2 Adam Henrique Jan Mursak Petr Pohl 40 1 2 2
PowerPlay Defense
Defense Defense Time % Phy DF OF
1 Jonathan Sigalet Jordan Hendry 60 1 2 2
2 Nathan Oystrick Johan Fransson 40 1 2 2
Penalty Kill 4 Players Forward
Center Wing Time % Phy DF OF
1 Nate Thompson Alex Picard 60 1 2 2
2 Carson Mcmillan Petr Pohl 40 1 2 2
Penalty Kill 4 Players Defense
Defense Defense Time % Phy DF OF
1 Jonathan Sigalet Jordan Hendry 60 1 2 2
2 Nathan Oystrick Johan Fransson 40 1 2 2
Penalty Kill - 3 Players Forward
Forward Time % Phy DF OF
1 Nate Thompson 60 1 2 2
2 Alex Picard 40 1 2 2
Penalty Kill - 3 Players Defense
Defense Defense Time % Phy DF OF
1 Jonathan Sigalet Jordan Hendry 60 1 2 2
2 Nathan Oystrick Johan Fransson 40 1 2 2
4 vs 4 Forward
Center Wing Time % Phy DF OF
1 Nate Thompson Alex Picard 60 1 2 2
2 Carson Mcmillan Petr Pohl 40 1 2 2
4 vs 4 Defense
Defense Defense Time % Phy DF OF
1 Jonathan Sigalet Jordan Hendry 60 1 2 2
2 Nathan Oystrick Johan Fransson 40 1 2 2
Last Minutes Offensive
Center Left Wing Right Wing Defense Defense
Nate Thompson Alex Picard Carson Mcmillan Jonathan Sigalet Jordan Hendry
Last Minutes Defensive
Center Left Wing Right Wing Defense Defense
Nate Thompson Alex Picard Carson Mcmillan Jonathan Sigalet Jordan Hendry
Goaltenders
Starting : Mike McKenna
Backup : Thomas Greiss
Extra Forwards
Normal : Mike Duco, Ben Hanowski, Casey Wellman - PP : Mike Duco, Ben Hanowski - PK : Casey Wellman
Extra Defensemen
Normal : Kyle Lawson, Philip Samuelsson, Cody Goloubef - PP : Kyle Lawson - PK : Philip Samuelsson, Cody Goloubef
Penalty Shots
Nate Thompson, Alex Picard, Carson Mcmillan, Petr Pohl, Adam Henrique
% Time on Ice - Wiprows
Lines # - Real PCT - Wanted PCT - Time Play
Normal Forward
1 - 33% - 40% - 17:39
2 - 29% - 30% - 15:04
3 - 22% - 20% - 11:42
4 - 16% - 10% - 8:21
Normal Defense
1 - 37% - 40% - 19:43
2 - 30% - 30% - 15:59
3 - 21% - 20% - 11:02
4 - 11% - 10% - 6:02
PP Forward
1 - 57% - 60% - 2:02
2 - 43% - 40% - 1:31
PP Defense
1 - 83% - 60% - 2:56
2 - 17% - 40% - 0:37
PK Forward
1 - 62% - 60% - 2:16
2 - 38% - 40% - 1:25
PK Defense
1 - 57% - 60% - 2:06
2 - 43% - 40% - 1:35
PK3 Forward
1 - 0% - 60%
2 - 0% - 40%
PK3 Defense
1 - 0% - 60%
2 - 0% - 40%
44 Forward
1 - 0% - 60%
2 - 0% - 40%
44 Defense
1 - 0% - 60%
2 - 0% - 40%
Last Minute Offensive - 0:00
Last Minute Defensive - 0:00
Total
Forward - 60:00
Defense - 60:00
|
% Time on Ice - Tamiflu
Lines # - Real PCT - Wanted PCT - Time Play
Normal Forward
1 - 30% - 40% - 16:00
2 - 31% - 30% - 16:34
3 - 22% - 20% - 11:52
4 - 16% - 10% - 8:20
Normal Defense
1 - 38% - 40% - 20:13
2 - 30% - 30% - 15:55
3 - 20% - 20% - 10:40
4 - 11% - 10% - 5:58
PP Forward
1 - 47% - 60% - 1:43
2 - 53% - 40% - 1:58
PP Defense
1 - 29% - 60% - 1:04
2 - 71% - 40% - 2:37
PK Forward
1 - 85% - 60% - 3:02
2 - 15% - 40% - 0:31
PK Defense
1 - 54% - 60% - 1:54
2 - 46% - 40% - 1:39
PK3 Forward
1 - 0% - 60%
2 - 0% - 40%
PK3 Defense
1 - 0% - 60%
2 - 0% - 40%
44 Forward
1 - 0% - 60%
2 - 0% - 40%
44 Defense
1 - 0% - 60%
2 - 0% - 40%
Last Minute Offensive - 0:00
Last Minute Defensive - 0:00
Total
Forward - 60:00
Defense - 60:00
|
Play by Play
1st period
0:01 of 1st period - Nate Thompson wins face-off versus Nazem Kadri in neutral zone.
0:04 of 1st period - Snap shot by Nate Thompson.
0:04 of 1st period - Goal by Nate Thompson - Wiprows : 0 - Tamiflu : 1.
0:05 of 1st period - Adam Henrique wins face-off versus T.J. Oshie in neutral zone.
0:10 of 1st period - Thomas Hickey is hit by Jan Mursak and loses puck.
0:32 of 1st period - Minor Penalty to Jason Ryznar for Hooking.
0:33 of 1st period - Nate Thompson wins face-off versus Pavel Brendl in Wiprows zone.
1:02 of 1st period - Off-side.
1:03 of 1st period - Nate Thompson wins face-off versus Jonathan Tremblay in neutral zone.
1:18 of 1st period - Snap shot by Nate Thompson.
1:18 of 1st period - Stopped by Al Montoya without a rebound.
1:19 of 1st period - Adam Henrique wins face-off versus T.J. Oshie in Wiprows zone.
2:32 of 1st period - Penalty to Jason Ryznar is over, Jason Ryznar is back on ice.
2:32 of 1st period - Thomas Hickey is hit by Johan Fransson and loses puck.
3:36 of 1st period - Icing by Nazem Kadri.
3:37 of 1st period - Alex Picard wins face-off versus Nazem Kadri in Wiprows zone.
3:44 of 1st period - Wrist shot by Nate Thompson.
3:44 of 1st period - Stopped by Al Montoya without a rebound.
3:45 of 1st period - Nick Bonino wins face-off versus Nate Thompson in Wiprows zone.
4:39 of 1st period - Snap shot by Nazem Kadri.
4:39 of 1st period - Shot Blocked by Johan Fransson.
4:41 of 1st period - Backhand shot by Matt Taormina.
4:41 of 1st period - Shot Blocked by Nathan Oystrick.
4:43 of 1st period - Slapshot by Pavel Brendl.
4:43 of 1st period - Shot Misses the Net.
4:55 of 1st period - Snap shot by Nick Bonino.
4:55 of 1st period - Stopped by Mike McKenna without a rebound.
4:56 of 1st period - Nate Thompson wins face-off versus Nick Bonino in Tamiflu zone.
5:04 of 1st period - Off-side.
5:05 of 1st period - Nate Thompson wins face-off versus Nazem Kadri in neutral zone.
5:12 of 1st period - Snap shot by Carson Mcmillan.
5:12 of 1st period - Stopped by Al Montoya without a rebound.
5:13 of 1st period - Carson Mcmillan wins face-off versus Jason Ryznar in Wiprows zone.
5:19 of 1st period - Off-side.
5:20 of 1st period - Nate Thompson wins face-off versus Nazem Kadri in neutral zone.
5:25 of 1st period - Icing by Alec Martinez.
5:26 of 1st period - Nazem Kadri wins face-off versus Nate Thompson in Wiprows zone.
5:26 of 1st period - Nazem Kadri is hit by Alex Picard.
5:56 of 1st period - Off-side.
5:57 of 1st period - Nick Bonino wins face-off versus Adam Henrique in neutral zone.
6:46 of 1st period - Snap shot by Mike Duco.
6:46 of 1st period - Stopped by Al Montoya without a rebound.
6:47 of 1st period - Nick Bonino wins face-off versus Casey Wellman in Wiprows zone.
6:49 of 1st period - Icing by T.J. Oshie.
6:50 of 1st period - Nate Thompson wins face-off versus Nick Bonino in Wiprows zone.
7:27 of 1st period - Jonathan Sigalet is hit by Alec Martinez and loses puck.
7:30 of 1st period - Slapshot by Jordan Hendry.
7:30 of 1st period - Shot Blocked by Matt Taormina.
7:36 of 1st period - Minor Penalty to Brandon Bollig for Hooking.
7:37 of 1st period - Pavel Brendl wins face-off versus Nate Thompson in Wiprows zone.
7:46 of 1st period - Slapshot by Alex Picard.
7:46 of 1st period - Stopped by Al Montoya with a rebound.
7:48 of 1st period - Slapshot by Nathan Oystrick.
7:48 of 1st period - Stopped by Al Montoya with a rebound.
7:50 of 1st period - Slapshot by Carson Mcmillan.
7:50 of 1st period - Shot Blocked by Gord Baldwin.
8:14 of 1st period - Thomas Hickey is hit by Jan Mursak and loses puck.
9:07 of 1st period - Wrist shot by Adam Henrique.
9:07 of 1st period - Goal by Adam Henrique - Wiprows : 0 - Tamiflu : 2.
9:08 of 1st period - Nazem Kadri wins face-off versus Nate Thompson in neutral zone.
9:15 of 1st period - Wrist shot by Nazem Kadri.
9:15 of 1st period - Stopped by Mike McKenna without a rebound.
9:16 of 1st period - Nazem Kadri wins face-off versus Nate Thompson in Tamiflu zone.
9:17 of 1st period - Snap shot by Pavel Brendl.
9:17 of 1st period - Stopped by Mike McKenna with a rebound.
9:30 of 1st period - Off-side.
9:31 of 1st period - Nick Bonino wins face-off versus Casey Wellman in neutral zone.
9:40 of 1st period - Slapshot by T.J. Oshie.
9:40 of 1st period - Stopped by Mike McKenna with a rebound.
9:42 of 1st period - Snap shot by Jiri Tlusty.
9:42 of 1st period - Stopped by Mike McKenna with a rebound.
10:25 of 1st period - Slapshot by Alex Picard.
10:25 of 1st period - Stopped by Al Montoya without a rebound.
10:26 of 1st period - Nate Thompson wins face-off versus Nazem Kadri in Wiprows zone.
10:51 of 1st period - Alec Martinez is hit by Petr Pohl and loses puck.
11:34 of 1st period - Snap shot by Jonathan Tremblay.
11:34 of 1st period - Stopped by Mike McKenna without a rebound.
11:35 of 1st period - Philippe Dupuis wins face-off versus Nazem Kadri in Tamiflu zone.
11:44 of 1st period - Slapshot by Jonathan Sigalet.
11:44 of 1st period - Stopped by Al Montoya without a rebound.
11:45 of 1st period - Nazem Kadri wins face-off versus Carson Mcmillan in Wiprows zone.
12:02 of 1st period - Slapshot by Pavel Brendl.
12:02 of 1st period - Stopped by Mike McKenna without a rebound.
12:03 of 1st period - Nick Bonino wins face-off versus Adam Henrique in Tamiflu zone.
12:10 of 1st period - Wrist shot by T.J. Oshie.
12:10 of 1st period - Stopped by Mike McKenna with a rebound.
12:12 of 1st period - Snap shot by T.J. Oshie.
12:12 of 1st period - Shot Misses the Net.
12:14 of 1st period - Wrist shot by T.J. Oshie.
12:14 of 1st period - Shot Blocked by Petr Pohl.
12:18 of 1st period - Snap shot by T.J. Oshie.
12:18 of 1st period - Stopped by Mike McKenna with a rebound.
12:50 of 1st period - Nate Thompson is hit by Pavel Brendl and loses puck.
13:11 of 1st period - Matt Taormina is hit by Casey Wellman and loses puck.
13:38 of 1st period - Snap shot by Ben Hanowski.
13:38 of 1st period - Shot Blocked by Thomas Hickey.
13:40 of 1st period - Slapshot by Nathan Oystrick.
13:40 of 1st period - Shot Blocked by T.J. Oshie.
13:42 of 1st period - Slapshot by Nathan Oystrick.
13:42 of 1st period - Shot Blocked by Nick Bonino.
13:44 of 1st period - Snap shot by Ben Hanowski.
13:44 of 1st period - Shot Misses the Net.
14:13 of 1st period - Icing by Thomas Hickey.
14:14 of 1st period - Maxime Macenauer wins face-off versus Adam Henrique in Wiprows zone.
14:14 of 1st period - Maxime Macenauer is hit by Adam Henrique.
14:21 of 1st period - Snap shot by Adam Henrique.
14:21 of 1st period - Stopped by Al Montoya with a rebound.
14:23 of 1st period - Wrist shot by Petr Pohl.
14:23 of 1st period - Shot Misses the Net.
14:25 of 1st period - Snap shot by Petr Pohl.
14:25 of 1st period - Shot Blocked by Gord Baldwin.
14:45 of 1st period - Snap shot by Jiri Tlusty.
14:45 of 1st period - Shot Misses the Net.
15:01 of 1st period - Snap shot by Jonathan Tremblay.
15:01 of 1st period - Shot Blocked by Jordan Hendry.
15:03 of 1st period - Wrist shot by Jonathan Tremblay.
15:03 of 1st period - Shot Blocked by Jonathan Sigalet.
15:21 of 1st period - Snap shot by Jonathan Sigalet.
15:21 of 1st period - Stopped by Al Montoya without a rebound.
15:22 of 1st period - Philippe Dupuis wins face-off versus Derek Grant in Wiprows zone.
15:35 of 1st period - Wrist shot by Brendon Segal.
15:35 of 1st period - Stopped by Mike McKenna without a rebound.
15:36 of 1st period - Nate Thompson wins face-off versus Nazem Kadri in Tamiflu zone.
15:45 of 1st period - Wrist shot by Alex Picard.
15:45 of 1st period - Stopped by Al Montoya with a rebound.
15:47 of 1st period - Snap shot by Alex Picard.
15:47 of 1st period - Deflect By Carson Mcmillan.
15:47 of 1st period - Shot Blocked by Matt Donovan.
15:47 of 1st period - Puck is out of play.
15:48 of 1st period - Nate Thompson wins face-off versus Nazem Kadri in Wiprows zone.
16:01 of 1st period - Slapshot by Nazem Kadri.
16:01 of 1st period - Stopped by Mike McKenna without a rebound.
16:02 of 1st period - Adam Henrique wins face-off versus Nick Bonino in Tamiflu zone.
16:09 of 1st period - Backhand shot by Petr Pohl.
16:09 of 1st period - Stopped by Al Montoya without a rebound.
16:10 of 1st period - Adam Henrique wins face-off versus Nick Bonino in Wiprows zone.
16:45 of 1st period - Wrist shot by Pavel Brendl.
16:45 of 1st period - Stopped by Mike McKenna without a rebound.
16:46 of 1st period - Adam Henrique wins face-off versus Nick Bonino in Tamiflu zone.
17:18 of 1st period - Snap shot by T.J. Oshie.
17:18 of 1st period - Shot Blocked by Jonathan Sigalet.
17:20 of 1st period - Snap shot by Matt Bartkowski.
17:20 of 1st period - Deflect By Nick Bonino.
17:20 of 1st period - Stopped by Mike McKenna with a rebound.
17:22 of 1st period - Wrist shot by T.J. Oshie.
17:22 of 1st period - Stopped by Mike McKenna with a rebound.
17:26 of 1st period - Wrist shot by T.J. Oshie.
17:26 of 1st period - Stopped by Mike McKenna with a rebound.
17:28 of 1st period - Snap shot by Jiri Tlusty.
17:28 of 1st period - Stopped by Mike McKenna with a rebound.
17:32 of 1st period - Snap shot by T.J. Oshie.
17:32 of 1st period - Shot Misses the Net.
17:52 of 1st period - Slapshot by Jiri Tlusty.
17:52 of 1st period - Stopped by Mike McKenna with a rebound.
17:54 of 1st period - Snap shot by T.J. Oshie.
17:54 of 1st period - Shot Misses the Net.
18:36 of 1st period - Slapshot by Jonathan Sigalet.
18:36 of 1st period - Stopped by Al Montoya with a rebound.
18:38 of 1st period - Snap shot by Mike Duco.
18:38 of 1st period - Shot Misses the Net.
18:40 of 1st period - Snap shot by Jonathan Sigalet.
18:40 of 1st period - Shot Misses the Net.
18:42 of 1st period - Slapshot by Jordan Hendry.
18:42 of 1st period - Shot Blocked by Matt Taormina.
18:44 of 1st period - Slapshot by Jonathan Sigalet.
18:44 of 1st period - Deflect By Alec Martinez.
18:44 of 1st period - Stopped by Al Montoya with a rebound.
18:46 of 1st period - Slapshot by Jonathan Sigalet.
18:46 of 1st period - Stopped by Al Montoya without a rebound.
18:47 of 1st period - Pavel Brendl wins face-off versus Carson Mcmillan in Wiprows zone.
18:59 of 1st period - Nate Thompson is hit by Oliver Lauridsen and loses puck.
19:33 of 1st period - Snap shot by Matt Taormina.
19:33 of 1st period - Shot Blocked by Philip Samuelsson.
19:35 of 1st period - Slapshot by Matt Taormina.
19:35 of 1st period - Shot Misses the Net.
19:37 of 1st period - Slapshot by Matt Donovan.
19:37 of 1st period - Shot Misses the Net.
19:39 of 1st period - Slapshot by Matt Donovan.
19:39 of 1st period - Shot Blocked by Kyle Lawson.
19:41 of 1st period - Slapshot by Kevin Connauton.
19:41 of 1st period - Stopped by Mike McKenna with a rebound.
Goals for this period are 0 for Wiprows vs 2 for Tamiflu.
Shots for this period are 18 for Wiprows vs 17 for Tamiflu.
2nd period
0:01 of 2nd period - Nazem Kadri wins face-off versus Nate Thompson in neutral zone.
0:46 of 2nd period - Snap shot by Matt Beleskey.
0:46 of 2nd period - Stopped by Mike McKenna with a rebound.
1:09 of 2nd period - Mike Duco is hit by Nick Bonino and loses puck.
1:35 of 2nd period - Nazem Kadri is hit by Carson Mcmillan.
1:52 of 2nd period - Jan Mursak is hit by Maxime Macenauer.
3:02 of 2nd period - Slapshot by T.J. Oshie.
3:02 of 2nd period - Shot Misses the Net.
3:04 of 2nd period - Wrist shot by T.J. Oshie.
3:04 of 2nd period - Deflect By Nick Bonino.
3:04 of 2nd period - Stopped by Mike McKenna without a rebound.
3:05 of 2nd period - Nate Thompson wins face-off versus Nazem Kadri in Tamiflu zone.
3:30 of 2nd period - Matt Bartkowski is hit by Rich Clune and loses puck.
3:57 of 2nd period - Backhand shot by Johan Fransson.
3:57 of 2nd period - Shot Blocked by Alec Martinez.
4:03 of 2nd period - Snap shot by Ben Hanowski.
4:03 of 2nd period - Shot Misses the Net.
4:09 of 2nd period - Nathan Oystrick is hit by Derek Grant and loses puck.
4:30 of 2nd period - Wrist shot by Alex Picard.
4:30 of 2nd period - Stopped by Al Montoya without a rebound.
4:31 of 2nd period - Nazem Kadri wins face-off versus Adam Henrique in Wiprows zone.
4:56 of 2nd period - Petr Pohl is hit by T.J. Oshie and loses puck.
6:07 of 2nd period - Slapshot by Jordan Hendry.
6:07 of 2nd period - Stopped by Al Montoya without a rebound.
6:08 of 2nd period - Nate Thompson wins face-off versus Nazem Kadri in Wiprows zone.
6:24 of 2nd period - Snap shot by Nate Thompson.
6:24 of 2nd period - Shot Misses the Net.
6:58 of 2nd period - Jonathan Sigalet is hit by Kevin Connauton and loses puck.
7:03 of 2nd period - Snap shot by Brendon Segal.
7:03 of 2nd period - Shot Misses the Net.
7:07 of 2nd period - Snap shot by Brendon Segal.
7:07 of 2nd period - Shot Misses the Net.
7:09 of 2nd period - Slapshot by Brendon Segal.
7:09 of 2nd period - Shot Misses the Net.
7:36 of 2nd period - Icing by Jonathan Sigalet.
7:37 of 2nd period - Jason Ryznar wins face-off versus Nate Thompson in Tamiflu zone.
8:03 of 2nd period - Slapshot by Jonathan Sigalet.
8:03 of 2nd period - Shot Blocked by Matt Taormina.
8:05 of 2nd period - Wrist shot by Jan Mursak.
8:05 of 2nd period - Stopped by Al Montoya without a rebound.
8:06 of 2nd period - Nick Bonino wins face-off versus Petr Pohl in Wiprows zone.
8:06 of 2nd period - Nick Bonino is hit by Petr Pohl.
8:11 of 2nd period - Off-side.
8:12 of 2nd period - Nazem Kadri wins face-off versus Nate Thompson in neutral zone.
8:37 of 2nd period - Wrist shot by Adam Henrique.
8:37 of 2nd period - Deflect By Gord Baldwin.
8:37 of 2nd period - Shot Blocked by Gord Baldwin.
8:37 of 2nd period - Puck is out of play.
8:38 of 2nd period - Maxime Macenauer wins face-off versus Adam Henrique in Wiprows zone.
8:53 of 2nd period - Wrist shot by Jonathan Tremblay.
8:53 of 2nd period - Deflect By Brandon Bollig.
8:53 of 2nd period - Shot Misses the Net.
8:53 of 2nd period - Puck is out of play.
8:54 of 2nd period - Nate Thompson wins face-off versus Nazem Kadri in Tamiflu zone.
9:01 of 2nd period - Slapshot by Jonathan Sigalet.
9:01 of 2nd period - Stopped by Al Montoya with a rebound.
9:03 of 2nd period - Snap shot by Carson Mcmillan.
9:03 of 2nd period - Shot Misses the Net.
9:19 of 2nd period - Jason Ryznar is hit by Mike Duco and loses puck.
9:48 of 2nd period - Jason Ryznar is hit by Mike Duco and loses puck.
9:59 of 2nd period - Snap shot by Casey Wellman.
9:59 of 2nd period - Deflect By Pavel Brendl.
9:59 of 2nd period - Stopped by Al Montoya with a rebound.
10:07 of 2nd period - Snap shot by Pavel Brendl.
10:07 of 2nd period - Stopped by Mike McKenna with a rebound.
10:09 of 2nd period - Snap shot by Jason Ryznar.
10:09 of 2nd period - Shot Misses the Net.
10:11 of 2nd period - Slapshot by Matt Taormina.
10:11 of 2nd period - Stopped by Mike McKenna without a rebound.
10:12 of 2nd period - Nick Bonino wins face-off versus Nate Thompson in Tamiflu zone.
10:13 of 2nd period - Slapshot by T.J. Oshie.
10:13 of 2nd period - Shot Misses the Net.
10:15 of 2nd period - Wrist shot by Jiri Tlusty.
10:15 of 2nd period - Stopped by Mike McKenna with a rebound.
10:51 of 2nd period - Wrist shot by Alex Picard.
10:51 of 2nd period - Shot Blocked by Brendon Segal.
11:13 of 2nd period - Snap shot by Petr Pohl.
11:13 of 2nd period - Shot Blocked by Thomas Hickey.
11:15 of 2nd period - Slapshot by Jordan Hendry.
11:15 of 2nd period - Deflect By Adam Henrique.
11:15 of 2nd period - Shot Blocked by Brandon Bollig.
11:15 of 2nd period - Puck is out of play.
11:16 of 2nd period - Nick Bonino wins face-off versus Adam Henrique in Wiprows zone.
11:41 of 2nd period - Maxime Macenauer is hit by Nathan Oystrick and loses puck.
11:48 of 2nd period - Snap shot by Matt Taormina.
11:48 of 2nd period - Stopped by Mike McKenna with a rebound.
11:50 of 2nd period - Slapshot by Maxime Macenauer.
11:50 of 2nd period - Deflect By Johan Fransson.
11:50 of 2nd period - Stopped by Mike McKenna with a rebound.
12:04 of 2nd period - Slapshot by Casey Wellman.
12:04 of 2nd period - Shot Misses the Net.
12:06 of 2nd period - Wrist shot by Casey Wellman.
12:06 of 2nd period - Deflect By Rich Clune.
12:06 of 2nd period - Stopped by Al Montoya with a rebound.
13:02 of 2nd period - Snap shot by Jonathan Tremblay.
13:02 of 2nd period - Shot Misses the Net.
13:04 of 2nd period - Snap shot by Maxime Macenauer.
13:04 of 2nd period - Deflect By Brandon Bollig.
13:04 of 2nd period - Stopped by Mike McKenna with a rebound.
13:06 of 2nd period - Snap shot by Gord Baldwin.
13:06 of 2nd period - Stopped by Mike McKenna with a rebound.
14:22 of 2nd period - Snap shot by Maxime Macenauer.
14:22 of 2nd period - Deflect By Jonathan Tremblay.
14:22 of 2nd period - Shot Blocked by Kyle Lawson.
14:22 of 2nd period - Puck is out of play.
14:23 of 2nd period - Nazem Kadri wins face-off versus Casey Wellman in Tamiflu zone.
14:29 of 2nd period - Minor Penalty to Mike Duco for Cross-checking.
14:30 of 2nd period - Nazem Kadri wins face-off versus Nate Thompson in Tamiflu zone.
14:40 of 2nd period - Snap shot by Pavel Brendl.
14:40 of 2nd period - Stopped by Mike McKenna without a rebound.
14:41 of 2nd period - Nazem Kadri wins face-off versus Nate Thompson in Tamiflu zone.
14:50 of 2nd period - Slapshot by Pavel Brendl.
14:50 of 2nd period - Goal by Pavel Brendl - Wiprows : 1 - Tamiflu : 2.
14:51 of 2nd period - Nate Thompson wins face-off versus Nazem Kadri in neutral zone.
15:06 of 2nd period - Wrist shot by Nate Thompson.
15:06 of 2nd period - Deflect By Jason Ryznar.
15:06 of 2nd period - Shot Misses the Net.
15:06 of 2nd period - Puck is out of play.
15:07 of 2nd period - Nick Bonino wins face-off versus Adam Henrique in Wiprows zone.
15:07 of 2nd period - Nick Bonino is hit by Petr Pohl.
16:36 of 2nd period - Cody Goloubef is hit by T.J. Oshie and loses puck.
17:04 of 2nd period - Icing by Nazem Kadri.
17:05 of 2nd period - Adam Henrique wins face-off versus Nazem Kadri in Wiprows zone.
17:26 of 2nd period - Jan Mursak is hit by Jason Ryznar and loses puck.
18:20 of 2nd period - Jason Ryznar is hit by Jan Mursak and loses puck.
18:29 of 2nd period - Snap shot by Petr Pohl.
18:29 of 2nd period - Shot Misses the Net.
18:31 of 2nd period - Wrist shot by Petr Pohl.
18:31 of 2nd period - Shot Blocked by Nazem Kadri.
18:33 of 2nd period - Slapshot by Jonathan Sigalet.
18:33 of 2nd period - Stopped by Al Montoya with a rebound.
18:35 of 2nd period - Snap shot by Jonathan Sigalet.
18:35 of 2nd period - Shot Blocked by Nazem Kadri.
18:37 of 2nd period - Slapshot by Petr Pohl.
18:37 of 2nd period - Shot Misses the Net.
18:47 of 2nd period - Slapshot by Petr Pohl.
18:47 of 2nd period - Shot Blocked by Kevin Connauton.
18:49 of 2nd period - Snap shot by Jan Mursak.
18:49 of 2nd period - Goal by Jan Mursak - Wiprows : 1 - Tamiflu : 3.
18:50 of 2nd period - Jiri Tlusty wins face-off versus Nate Thompson in neutral zone.
18:52 of 2nd period - Minor Penalty to T.J. Oshie for Holding.
18:53 of 2nd period - Matt Beleskey wins face-off versus Nate Thompson in Wiprows zone.
19:03 of 2nd period - Slapshot by Johan Fransson.
19:03 of 2nd period - Goal by Johan Fransson - Wiprows : 1 - Tamiflu : 4.
19:04 of 2nd period - Nate Thompson wins face-off versus Nick Bonino in neutral zone.
19:07 of 2nd period - Slapshot by Carson Mcmillan.
19:07 of 2nd period - Shot Misses the Net.
19:20 of 2nd period - Off-side.
19:21 of 2nd period - Adam Henrique wins face-off versus Nazem Kadri in neutral zone.
19:36 of 2nd period - Slapshot by Thomas Hickey.
19:36 of 2nd period - Deflect By Adam Henrique.
19:36 of 2nd period - Stopped by Mike McKenna with a rebound.
19:51 of 2nd period - Snap shot by Jordan Hendry.
19:51 of 2nd period - Deflect By Thomas Hickey.
19:51 of 2nd period - Stopped by Al Montoya without a rebound.
19:52 of 2nd period - Nate Thompson wins face-off versus Maxime Macenauer in Wiprows zone.
Goals for this period are 1 for Wiprows vs 2 for Tamiflu.
Shots for this period are 12 for Wiprows vs 10 for Tamiflu.
3rd period
0:01 of 3rd period - Nate Thompson wins face-off versus Nazem Kadri in neutral zone.
0:06 of 3rd period - Snap shot by Carson Mcmillan.
0:06 of 3rd period - Stopped by Al Montoya with a rebound.
0:30 of 3rd period - Jan Mursak is hit by Matt Taormina and loses puck.
0:59 of 3rd period - Wrist shot by Casey Wellman.
0:59 of 3rd period - Shot Blocked by Matt Beleskey.
1:46 of 3rd period - Snap shot by Nick Bonino.
1:46 of 3rd period - Stopped by Mike McKenna with a rebound.
2:40 of 3rd period - Nathan Oystrick is hit by Matt Bartkowski and loses puck.
3:04 of 3rd period - Slapshot by Alex Picard.
3:04 of 3rd period - Shot Misses the Net.
4:22 of 3rd period - Snap shot by Adam Henrique.
4:22 of 3rd period - Stopped by Al Montoya without a rebound.
4:23 of 3rd period - Nazem Kadri wins face-off versus Adam Henrique in Wiprows zone.
4:36 of 3rd period - Snap shot by Petr Pohl.
4:36 of 3rd period - Shot Misses the Net.
4:38 of 3rd period - Slapshot by Jonathan Sigalet.
4:38 of 3rd period - Shot Blocked by Nazem Kadri.
6:07 of 3rd period - Wrist shot by Nate Thompson.
6:07 of 3rd period - Stopped by Al Montoya with a rebound.
6:31 of 3rd period - Snap shot by Jonathan Tremblay.
6:31 of 3rd period - Stopped by Mike McKenna with a rebound.
6:33 of 3rd period - Snap shot by Jonathan Tremblay.
6:33 of 3rd period - Shot Blocked by Philip Samuelsson.
6:35 of 3rd period - Wrist shot by Maxime Macenauer.
6:35 of 3rd period - Stopped by Mike McKenna with a rebound.
7:11 of 3rd period - Snap shot by Adam Henrique.
7:11 of 3rd period - Deflect By Petr Pohl.
7:11 of 3rd period - Stopped by Al Montoya without a rebound.
7:12 of 3rd period - Maxime Macenauer wins face-off versus Adam Henrique in Wiprows zone.
7:18 of 3rd period - Thomas Hickey is hit by Nathan Oystrick and loses puck.
7:39 of 3rd period - Pavel Brendl is hit by Alex Picard and loses puck.
8:27 of 3rd period - Snap shot by Ben Hanowski.
8:27 of 3rd period - Shot Misses the Net.
8:45 of 3rd period - Snap shot by Petr Pohl.
8:45 of 3rd period - Stopped by Al Montoya without a rebound.
8:46 of 3rd period - Nate Thompson wins face-off versus Maxime Macenauer in Wiprows zone.
8:57 of 3rd period - Slapshot by Maxime Macenauer.
8:57 of 3rd period - Shot Misses the Net.
8:59 of 3rd period - Snap shot by Maxime Macenauer.
8:59 of 3rd period - Shot Misses the Net.
9:01 of 3rd period - Slapshot by Thomas Hickey.
9:01 of 3rd period - Shot Misses the Net.
9:51 of 3rd period - Matt Taormina is hit by Philippe Dupuis and loses puck.
9:54 of 3rd period - Slapshot by Matt Taormina.
9:54 of 3rd period - Stopped by Mike McKenna without a rebound.
9:55 of 3rd period - Philippe Dupuis wins face-off versus Derek Grant in Tamiflu zone.
9:55 of 3rd period - Philippe Dupuis is hit by Gord Baldwin.
10:06 of 3rd period - Snap shot by Thomas Hickey.
10:06 of 3rd period - Stopped by Mike McKenna with a rebound.
10:10 of 3rd period - Snap shot by Brendon Segal.
10:10 of 3rd period - Shot Blocked by Teemu Laakso.
10:20 of 3rd period - Garrett Wilson is hit by T.J. Oshie and loses puck.
11:07 of 3rd period - Wrist shot by Maxime Macenauer.
11:07 of 3rd period - Shot Misses the Net.
11:28 of 3rd period - Off-side.
11:29 of 3rd period - Derek Grant wins face-off versus Rich Clune in neutral zone.
12:00 of 3rd period - Wrist shot by Pavel Brendl.
12:00 of 3rd period - Stopped by Mike McKenna with a rebound.
12:02 of 3rd period - Snap shot by Pavel Brendl.
12:02 of 3rd period - Stopped by Mike McKenna with a rebound.
12:16 of 3rd period - Slapshot by Johan Fransson.
12:16 of 3rd period - Shot Blocked by Jiri Tlusty.
12:26 of 3rd period - Slapshot by Thomas Hickey.
12:26 of 3rd period - Shot Blocked by Johan Fransson.
12:32 of 3rd period - Minor Penalty to Adam Henrique for Hooking.
12:33 of 3rd period - Jason Ryznar wins face-off versus Nate Thompson in Tamiflu zone.
12:46 of 3rd period - Slapshot by Pavel Brendl.
12:46 of 3rd period - Deflect By Nazem Kadri.
12:46 of 3rd period - Stopped by Mike McKenna without a rebound.
12:47 of 3rd period - Nazem Kadri wins face-off versus Nate Thompson in Tamiflu zone.
12:48 of 3rd period - Snap shot by Jason Ryznar.
12:48 of 3rd period - Stopped by Mike McKenna without a rebound.
12:49 of 3rd period - Nate Thompson wins face-off versus Nazem Kadri in Tamiflu zone.
12:58 of 3rd period - Slapshot by Alec Martinez.
12:58 of 3rd period - Deflect By Pavel Brendl.
12:58 of 3rd period - Stopped by Mike McKenna with a rebound.
13:00 of 3rd period - Snap shot by Alec Martinez.
13:00 of 3rd period - Stopped by Mike McKenna with a rebound.
13:02 of 3rd period - Slapshot by Jason Ryznar.
13:02 of 3rd period - Shot Misses the Net.
14:32 of 3rd period - Penalty to Adam Henrique is over, Adam Henrique is back on ice.
14:49 of 3rd period - Snap shot by Adam Henrique.
14:49 of 3rd period - Shot Misses the Net.
15:27 of 3rd period - Snap shot by Garrett Wilson.
15:27 of 3rd period - Shot Blocked by Thomas Hickey.
15:38 of 3rd period - Icing by Jonathan Tremblay.
15:39 of 3rd period - Petr Pohl wins face-off versus Maxime Macenauer in Wiprows zone.
16:14 of 3rd period - Wrist shot by Nick Bonino.
16:14 of 3rd period - Shot Misses the Net.
16:16 of 3rd period - Snap shot by Jiri Tlusty.
16:16 of 3rd period - Deflect By Nick Bonino.
16:16 of 3rd period - Deflect By Jonathan Sigalet.
16:16 of 3rd period - Stopped by Mike McKenna without a rebound.
16:17 of 3rd period - Adam Henrique wins face-off versus Jason Ryznar in Tamiflu zone.
16:17 of 3rd period - Adam Henrique is hit by Nazem Kadri.
16:56 of 3rd period - Wrist shot by Brandon Bollig.
16:56 of 3rd period - Shot Misses the Net.
18:23 of 3rd period - Wrist shot by Alex Picard.
18:23 of 3rd period - Shot Misses the Net.
18:44 of 3rd period - Minor Penalty to Ben Hanowski for High sticking.
18:45 of 3rd period - Nazem Kadri wins face-off versus Nate Thompson in Tamiflu zone.
18:47 of 3rd period - Wrist shot by Nazem Kadri.
18:47 of 3rd period - Deflect By Pavel Brendl.
18:47 of 3rd period - Shot Misses the Net.
18:47 of 3rd period - Puck is out of play.
18:48 of 3rd period - Nate Thompson wins face-off versus Nazem Kadri in Tamiflu zone.
18:53 of 3rd period - Wrist shot by Alex Picard.
18:53 of 3rd period - Goal by Alex Picard - Wiprows : 1 - Tamiflu : 5.
18:54 of 3rd period - Nate Thompson wins face-off versus Nazem Kadri in neutral zone.
19:57 of 3rd period - Wrist shot by T.J. Oshie.
19:57 of 3rd period - Goal by T.J. Oshie - Wiprows : 2 - Tamiflu : 5.
19:58 of 3rd period - Nazem Kadri wins face-off versus Nate Thompson in neutral zone.
Goals for this period are 1 for Wiprows vs 1 for Tamiflu.
Shots for this period are 13 for Wiprows vs 6 for Tamiflu.
Output by the SimonT Hockey Simulator (STHS) for François Prévost -- Original Page W3C XHTML 1.0 Valid